 Dungeon Crawl Stone Soup version 0.30.2 (webtiles) character file.

Game seed: 5383122683289069178

718 porpoise the Summoner (level 7, -13/36 HPs)
             Began as a Tengu Summoner on Feb 17, 2024.
             Killed from afar by Dowan (15 damage)
             ... with a stone arrow
             ... on level 4 of the Dungeon.
             The game lasted 00:17:18 (4467 turns).

porpoise the Summoner (Tengu Summoner)              Turns: 4467, Time: 00:17:18

Health: -13/36     AC:  3    Str:  8    XL:     7   Next: 70%
Magic:  0/15       EV: 14    Int: 18    God:
Gold:   184        SH:  0    Dex: 14    Spells: 10/16 levels left

rFire   . . .        a - +0 spear
rCold   . . .        (no shield)
rNeg    . . .        e - +0 robe
rPois   .            (helmet restricted)
rElec   .            (no cloak)
rCorr   .            s - +0 pair of gloves
SInv    .            (boots unavailable)
Will    .....        (no amulet)
Stlth   +++          (no ring)
HPRegen 0.26/turn    (no ring)
MPRegen 0.14/turn

%: no passive effects
@: flying quickly and evasively, quick
A: beak, talons 3, nimble flight
a: no special abilities


You were on level 4 of the Dungeon.
You visited 1 branch of the dungeon, and saw 4 of its levels.

You collected 184 gold pieces.

Inventory:

Hand Weapons
 a - a +0 spear (weapon)
 b - a +0 sling
 g - a +1 short sword of holy wrath
Missiles
 r - 4 poisoned darts
Armour
 e - a +0 robe (worn)
 s - a +0 pair of gloves (worn)
Magical Staves
 k - a staff of earth
Jewellery
 v - a ring of see invisible
Wands
 p - a wand of roots (7)
Scrolls
 d - a scroll of vulnerability {unknown}
 h - a scroll of poison {unknown}
 l - 3 scrolls of identify {unknown}
 o - 2 scrolls of fear {unknown}
 q - 2 scrolls of immolation {unknown}
 u - 2 scrolls of teleportation {unknown}
 w - a scroll of blinking {unknown}
Potions
 c - 2 potions of lignification
 f - a potion of curing
 i - a potion of degeneration {unknown}
 j - a potion of brilliance {unknown}
 n - a potion of magic
 t - a potion of ambrosia {unknown}


   Skills:
 - Level 2.1 Dodging
 + Level 4.4 Stealth
 - Level 5.0 Spellcasting
 * Level 8.0 Summonings


You had 10 spell levels left.
You knew the following spells:

 Your Spells              Type           Power      Damage    Failure   Level
a - Summon Small Mammal   Summ           100%       N/A       1%          1
b - Call Imp              Summ           66%        N/A       1%          2
c - Call Canine Familiar  Summ           33%        N/A       1%          3

Your spell library contained the following spells:

 Spells                   Type           Power      Damage    Failure   Level
 Summon Guardian Golem    Hex/Summ       19%        N/A       8%          3
 Lesser Beckoning         Tloc           8%         N/A       21%         2
 Sublimation of Blood     Necr           4%         N/A       21%         2
 Summon Lightning Spire   Summ/Air       19%        N/A       26%         4
 Gell's Gravitas          Tloc           4%         N/A       36%         3
 Teleport Other           Tloc           4%         N/A       36%         3
 Tukima's Dance           Hex            4%         N/A       36%         3
 Passage of Golubria      Tloc           4%         N/A       78%         4
 Petrify                  Tmut/Erth      4%         N/A       78%         4
 Irradiate                Conj/Tmut      2%         3d12      98%         5
 Yara's Violent Unravell  Hex/Tmut       2%         3d3       98%         5


Dungeon Overview and Level Annotations

Branches:
Dungeon (4/15)
 Temple: D:4-7

Altars:
Fedhas
Wu Jian

Shops:
D:3 (:[?

Annotations:
D:4 Dowan


Innate Abilities, Weirdness & Mutations

You have a beak for a mouth.
You have claws for feet.
Your magical nature lets you fly swiftly and evasively.


Message History

Your punch misses the adder.
The adder is lightly wounded.
The adder barely misses you.
Dowan mumbles some strange words.
Dowan blinks!
You miss the adder.
The adder is lightly wounded.
The adder misses you.
You closely miss the adder. Your peck misses the adder.
The adder is lightly wounded.
The adder bites you. x2
* * * LOW HITPOINT WARNING * * *
You barely miss the adder. Your kick misses the adder.
The adder is lightly wounded.
The adder bites you but does no damage.
You hit the adder but do no damage.
The adder is lightly wounded.
The adder bites you but does no damage. The adder bites you.
* * * LOW HITPOINT WARNING * * *
You closely miss the adder. Your kick misses the adder.
The adder is lightly wounded.
The adder closely misses you.
You barely miss the adder. Your kick misses the adder.
The adder is lightly wounded.
Dowan casts a spell.
Dowan blinks!
The adder misses you.
You barely miss the adder. You claw the adder. Your peck misses the adder.
The adder is heavily wounded.
The adder barely misses you. Dowan barely misses you.
The adder closely misses you.
You barely miss the adder. Your peck misses the adder.
The adder is heavily wounded.
Dowan hits you with a +3 antimagic dagger!
* * * LOW HITPOINT WARNING * * *
You feel your power leaking away. The adder bites you.
* * * LOW HITPOINT WARNING * * *
Dowan gestures at you while chanting. The stone arrow hits you!
You die...

#################
#...............##
##########.############..##
.............§JS@e.>###...#
##########.#######.#...#..#
#.# ###..........#
#S###..##..#.....#
#.##.###.#..#....#
#J#####.#.#......# e.#
###.....#..## ...'
##.###......# ....#
#.#(...#....#


You could see Dowan (fast), an adder and an endoplasm.

Vanquished Creatures
  Duvessa (D:4)
  2 scorpions (D:4)
  A jelly (D:4)
  A sleepcap (D:4)
  An iguana (D:4)
  4 gnolls
  3 adders
  An ufetubus (D:4)
  A worm (D:4)
  A dart slug (D:4)
  An orc (D:4)
  3 ball pythons
  4 endoplasms
  3 giant cockroaches
  12 goblins
  4 hobgoblins
  6 kobolds
  3 quokkas
  6 bats
  3 frilled lizards
  5 rats
66 creatures vanquished.

Vanquished Creatures (collateral kills)
  A phantom (D:4)
  A jelly (D:4)
  An orc priest (D:3)
  Ijyb (D:2)
  An orc wizard (D:4)
  4 gnolls
  2 adders
  2 worms
  2 orcs (D:3)
  3 endoplasms
  A giant cockroach (D:4)
  6 goblins
  2 hobgoblins (D:4)
  3 jackals (D:4)
  2 quokkas
  A ball python (D:4)
  A rat (D:1)
34 creatures vanquished.

Grand Total: 100 creatures vanquished

Notes
Turn   | Place    | Note
-------+----------+-------------------------------------------
     0 | D:1      | porpoise the Tengu Summoner began the quest for the Orb.
     0 | D:1      | Reached XP level 1. HP: 10/10 MP: 4/4
   297 | D:1      | Reached skill level 5 in Summonings
   302 | D:1      | You fall into a shaft and drop 1 floor!
   322 | D:2      | Reached XP level 2. HP: 15/15 MP: 6/6
   557 | D:1      | Reached XP level 3. HP: 14/19 MP: 7/7
   978 | D:2      | Noticed Ijyb
  1069 | D:1      | Learned a level 2 spell: Call Imp
  1073 | D:1      | Learned a level 3 spell: Call Canine Familiar
  1167 | D:2      | Killed Ijyb
  1168 | D:2      | Reached XP level 4. HP: 4/24 MP: 1/9
  1496 | D:2      | Reached skill level 6 in Summonings
  1496 | D:2      | Gained mutation: Your magical nature lets you fly swiftly
                  | and evasively. [Tengu growth]
  1496 | D:2      | Reached XP level 5. HP: 20/28 MP: 10/10
  2044 | D:3      | Found Ylabuci's Armour Shoppe.
  2189 | D:3      | Found Sihuym's Magic Scroll Shop.
  2236 | D:3      | Found an ornate altar of the Wu Jian Council.
  2408 | D:3      | Found Yroaptomm's Book Shoppe.
  2540 | D:3      | Found Uttiohov's Weapon Boutique.
  2846 | D:4      | Reached XP level 6. HP: 32/32 MP: 12/12
  3121 | D:4      | Reached skill level 7 in Summonings
  3220 | D:4      | Found a blossoming altar of Fedhas.
  3251 | D:4      | Reached XP level 7. HP: 28/36 MP: 14/14
  3861 | D:4      | Noticed Duvessa
  4418 | D:4      | Noticed Dowan
  4456 | D:4      | Killed Duvessa
  4457 | D:4      | Reached skill level 5 in Spellcasting
  4457 | D:4      | Reached skill level 8 in Summonings
  4467 | D:4      | Killed from afar by Dowan

Illustrated notes

Levels and vault maps discovered:
D:1:      dreamdust_arrival_beginning_and_end, layout_loops_cross,
          minmay_tetromino_s2
D:2:      kennysheep_the_goblin_king, layout_basic
D:3:      wander_river, layout_basic, nicolae_overflow_crystal_walls,
          serial_shops, shop, nicolae_shop_rolling_square,
          nicolae_shop_bloodbath_and_beyond, shop
D:4:      layout_basic, mainiacjoe_overflow_alcove_1, minmay_increasing_density,
          uniq_duvessa

Skill      XL: |  1  2  3  4  5  6  7 |
---------------+----------------------+-----
Summonings     | 5 6 7 8 |  8.0
Spellcasting   | 3 4 5 |  5.0
Stealth        | 3 4 |  4.4
Dodging        | |  2.1

Action                     |  1- 3 |  4- 6 |  7- 9 || total
---------------------------+-------+-------+-------++-------
  Melee: Spear             |    89 |   112 |    68 ||   269
         Unarmed           |     4 |       |       ||     4
         Kick              |    21 |    19 |    22 ||    62
         Peck              |     5 |    12 |     5 ||    22
   Fire: Sling             |       |     6 |       ||     6
   Cast: Summon Small Mamm |    11 |    21 |     5 ||    37
         Call Imp          |     3 |     5 |     4 ||    12
         Call Canine Famil |     1 |     7 |     7 ||    15
  Evoke: Wand              |       |       |     4 ||     4
    Use: Potion            |     1 |       |     2 ||     3
   Stab: Sleeping          |     5 |     6 |     1 ||    12
         Distracted        |       |     2 |     1 ||     3
 Armour: Robe              |    16 |     7 |    11 ||    34
         Skin              |    12 |       |       ||    12
  Dodge: Dodged            |    36 |    74 |    51 ||   161
